 Dungeon Crawl Stone Soup version 0.29-a0-994-gc5c9f59d18 (webtiles) character file.

Game seed: 8233142877079137016

81 Asher535 the Trooper (level 4, -3/40 HPs)
             Began as a Minotaur Berserker on Aug 3, 2022.
             Was a Believer of Trog.
             Slain by an orc
             ... wielding a +2 mace of holy wrath
              (7 damage)
             ... on level 3 of the Dungeon.
             The game lasted 00:04:58 (2375 turns).

Asher535 the Trooper (Minotaur Berserker)           Turns: 2375, Time: 00:04:58

Health: -3/40      AC:  5    Str: 24    XL:     4   Next: 19%
Magic:  3/3        EV: 11    Int:  7    God:    Trog [**....]
Gold:   68         SH:  0    Dex:  9    Spells: 3/3 levels left

rFire   . . .      SeeInvis .   o - +7 falchion "Jabbaic" {vorpal, Fly Int+3}
rCold   . . .      Faith    .   (no shield)
rNeg    . . .      Spirit   .   j - +0 ring mail
rPois   .          Reflect  .   (helmet restricted)
rElec   .          Harm     .   (no cloak)
rCorr   .          Rampage  .   (no gloves)
Will    .....                   (no boots)
Stlth   ..........              (no amulet)
HPRegen 0.13/turn               (no ring)
MPRegen 0.08/turn               (no ring)

@: flying
A: horns 2, retaliatory headbutt
a: Renounce Religion, Berserk, Trog's Hand


You were on level 3 of the Dungeon.
You worshipped Trog.
Trog was pleased with you.
You visited 1 branch of the dungeon, and saw 3 of its levels.

You collected 68 gold pieces.

Inventory:

Hand Weapons
 a - a +0 hand axe
 i - a +2 dagger of venom
 o - the +7 falchion "Jabbaic" (weapon) {vorpal, Fly Int+3}
   (You found it on level 2 of the Dungeon)

   It inflicts extra damage upon your enemies.
   Int:       It affects your intelligence (+3).
   Fly:       It grants you flight.
Missiles
 l - 5 poisoned darts (quivered)
Armour
 b - a +0 animal skin
 j - a +0 ring mail (worn)
Scrolls
 c - 2 scrolls of noise {unknown}
 e - 2 scrolls of identify {unknown}
 g - a scroll of immolation {unknown}
 h - a scroll of magic mapping {unknown}
Potions
 d - a potion of curing {unknown}
 f - a potion of attraction {unknown}
 k - a potion of cancellation {unknown}
 m - a potion of brilliance {unknown}
 n - 2 potions of might {unknown}


   Skills:
 + Level 4.2 Fighting
 + Level 0.3 Long Blades
 + Level 4.1 Axes
 + Level 1.0 Throwing
 + Level 3.1 Armour
 + Level 3.0 Dodging
 + Level 1.4 Shields


You had 3 spell levels left.
You didn't know any spells.
Your spell library was empty.

Dungeon Overview and Level Annotations

Branches:
Dungeon (3/15)

Altars:


Innate Abilities, Weirdness & Mutations

You have a pair of horns on your head.
You reflexively headbutt those who attack you in melee.


Message History

You have reached level 4!
You feel stronger.
You miss the adder. Your headbutt misses the adder.
The adder barely misses you. The adder bites you.
You closely miss the adder. The adder bites you but does no damage.
You slash the adder!
You kill the adder!
Trog accepts your kill.
The orc hits you with a +2 mace of holy wrath.
Your Dodging skill increases to level 3!
You hit the orc.
The orc is severely wounded.
The orc hits you with a +2 mace of holy wrath.
The orc hits you with a +0 mace!
The orc hits you with a +2 mace of holy wrath.
The orc barely misses you.
You closely miss the orc. The orc hits you with a +0 mace.
The orc hits you with a +2 mace of holy wrath.
The orc hits you with a +0 vampiric hand axe.
The orc draws strength from your wounds!
You slash the orc!
You kill the orc!
Trog accepts your kill. The orc hits you but does no damage.
The orc hits you with a +2 mace of holy wrath.
* * * LOW HITPOINT WARNING * * *
You slash the orc!
You kill the orc!
Trog accepts your kill. The orc closely misses you.
The orc hits you but does no damage. The orc hits you with a +0 falchion.
* * * LOW HITPOINT WARNING * * *
The orc hits you but does no damage.
You hit the orc. Your headbutt misses the orc.
The orc is almost dead.
The orc barely misses you. The orc hits you with a +0 falchion.
* * * LOW HITPOINT WARNING * * *
You completely miss the orc. The orc misses you.
The orc hits you with a +2 mace of holy wrath!
You die...

##. #[..##. .
.##..###......
#.............###
................ #
..............# .#
........!.....## ..
......##.......#.#
......†o@.....<..#
......)o..####........
......##....###..####.
...... #..#.# ..#
...>. #.##... ....
...## ..# ##..#### .#.
.### .. . # ..


You could see 2 orcs.

Vanquished Creatures
  4 adders
  2 worms (D:2)
  2 orcs (D:3)
  A ball python (D:2)
  3 endoplasms
  4 giant cockroaches
  2 goblins (D:1)
  5 hobgoblins
  A quokka (D:2)
  4 bats (D:1)
  4 frilled lizards (D:1)
  4 kobolds
  A rat (D:2)
37 creatures vanquished.

Notes
Turn   | Place    | Note
-------+----------+-------------------------------------------
     0 | D:1      | Asher535 the Minotaur Berserker began the quest for the
                  | Orb.
     0 | D:1      | Reached XP level 1. HP: 19/19 MP: 0/0
   261 | D:1      | Reached XP level 2. HP: 27/27 MP: 1/1
  1183 | D:2      | Reached skill level 1 in Shields
  1183 | D:2      | Reached XP level 3. HP: 8/33 MP: 2/2
  1186 | D:2      | Reached ** piety under Trog
  1190 | D:2      | HP: 2/49 [poisoned by a kobold]
  1963 | D:2      | Identified the +7 falchion "Jabbaic" {vorpal, Fly Int+3}
  2366 | D:3      | Reached skill level 1 in Throwing
  2366 | D:3      | Reached XP level 4. HP: 40/40 MP: 3/3
  2375 | D:3      | Slain by an orc

Illustrated notes

Levels and vault maps discovered:
D:1:      matt_arrival_refuge, layout_loops_corners
D:2:      minmay_skewed_foursquare, layout_loops_ring
D:3:      layout_rooms, gammafunk_ghost_mausoleum, serial_bayou,
          serial_bayou_shore_b, serial_bayou_pond_e, serial_bayou_pond_b,
          serial_bayou_shore_b, kennysheep_cross_bottleneck

Skill      XL: |  1  2  3  4 |
---------------+-------------+-----
Fighting       | 4 |  4.2
Shields        | 1 |  1.4
Axes           | 4 |  4.1
Armour         | 3 |  3.1
Throwing       | 1 |  1.0
Dodging        | 3 |  3.0
Long Blades    | |  0.3

Action                   |  1- 3 |  4- 6 || total
-------------------------+-------+-------++-------
Melee: Hand axe          |    80 |       ||    80
       Headbutt          |     7 |       ||     7
       Falchion          |     3 |     9 ||    12
Invok: Berserk           |     1 |       ||     1
Armor: Animal skin       |    10 |       ||    10
       Ring mail         |     9 |     4 ||    13
Dodge: Dodged            |    60 |     5 ||    65

Table legend: (Time is in decaauts)
 A = Elapsed time spent in this place.
 B = Non-inter-level travel time spent in this place.
 C = Inter-level travel time spent in this place.
 D = Time resting spent in this place.
 E = Time spent auto-exploring this place.
 F = Levels seen in this place.
 G = Mean time per level.
                   A        B        C        D        E       F      G
               +--------+--------+--------+--------+--------+-----+--------+
         Total |   2395 |   2340 |     55 |    381 |   1633 |   3 |  798.3 |
       Dungeon |   2395 |   2340 |     55 |    381 |   1633 |   3 |  798.3 |
               +--------+--------+--------+--------+--------+-----+--------+

Top non-repeatable levels by time:
     D:2: 1356 daAuts
     D:1: 1015 daAuts
     D:3: 23 daAuts
